 Dungeon Crawl Stone Soup version 0.29-a0-397-g846e4a0bbc (webtiles) character file.

Game seed: 14068701958803730067

61 MordorOrchid the Magician (level 4, -2/32 HPs)
             Began as a Djinni Conjurer on May 12, 2022.
             Slain by Natasha (6 damage)
             ... on level 2 of the Dungeon.
             The game lasted 00:03:00 (1972 turns).

MordorOrchid the Magician (Djinni Conjurer)         Turns: 1972, Time: 00:03:00

Health: -2/32      AC: -2    Str: 10    XL:     4   Next: 27%
Gold:   142        EV: 12    Int: 24    God:
                   SH:  0    Dex: 11

rFire   + + .      SeeInvis .   b - +0 whip
rCold   x . .      Faith    .   (no shield)
rNeg    . . .      Spirit   .   a - +0 robe
rPois   ∞          Reflect  .   m - +0 hat of Ignis's Esteem {*Corrode rElec Str+4 Int+2}
rElec   +          Harm     .   (no cloak)
rCorr   .          Rampage  .   (no gloves)
Will    .....                   (boots unavailable)
Stlth   ++........              (no amulet)
HPRegen 0.10/turn               (no ring)
MPRegen 0.00/turn               (no ring)

@: corroded, flying
A: sickness immunity, fire resistance 2, cold vulnerability 1, float, innate
caster, HP casting, extra vitality 1
a: no special abilities


You were on level 2 of the Dungeon.
You visited 1 branch of the dungeon, and saw 2 of its levels.

You collected 142 gold pieces.

Inventory:

Hand Weapons
 b - a +0 whip (weapon)
 j - a +0 hunting sling
Missiles
 k - 2 poisoned darts
Armour
 a - a +0 robe (worn)
 m - the +0 hat of Ignis's Esteem (worn) {*Corrode rElec Str+4 Int+2}
   (You found it on level 2 of the Dungeon)

   Str:       It affects your strength (+4).
   Int:       It affects your intelligence (+2).
   rElec:     It insulates you from electricity.
   *Corrode:  It may corrode you when you take damage.
Scrolls
 e - a scroll of enchant weapon {unknown}
 g - a scroll of acquirement {unknown}
 h - a scroll of fear
 i - a scroll of enchant armour {unknown}
 l - a scroll of amnesia {unknown}
 n - 2 scrolls of teleportation {unknown}
 p - a scroll of immolation {unknown}
Potions
 c - 3 potions of curing
 d - a potion of resistance {unknown}
 f - a potion of berserk rage
 o - a potion of attraction {unknown}


   Skills:
 * Level 1.1 Fighting
 * Level 2.7 Dodging
 - Level 1.5 Stealth
 + Level 4.0 Spellcasting


You couldn't memorise any spells.
You knew the following spells:

 Your Spells              Type           Power      Damage    Failure   Level
a - Magic Dart            Conj           96%        1d7       1%          1
b - Searing Ray           Conj           48%        2d6       2%          2
c - Dazzling Flash        Conj/Hex       48%        N/A       5%          3
d - Fulminant Prism       Conj/Hex       12%        3d9       19%         4
e - Iskenderun's Mystic   Conj/Tloc      24%        2d7       19%         4
f - Pain                  Necr           96%        1d8       1%          1
Your spell library was empty.

Dungeon Overview and Level Annotations

Branches:
Dungeon (2/15)

Altars:

Annotations:
D:2 Natasha


Innate Abilities, Weirdness & Mutations

You are immune to sickness and miasma.
You are immune to poison.
Your flesh is very heat resistant. (rF++)
You are vulnerable to cold. (rC-)
You float through the air rather than walking.
You learn spells naturally, not from books.
Your magical power is your life essence.
You have superior vitality. (+4 MHP)


Message History

Natasha mumbles some strange words.
Casting: Magic Dart (safe; 1% risk of failure)
Confirm with . or Enter, or press ? or * to list all spells.
Okay, then.
You start waiting.
Natasha is nearby!
Casting: Magic Dart (safe; 1% risk of failure)
Confirm with . or Enter, or press ? or * to list all spells.
Aiming: Searing Ray (safe; 2% risk of failure)
Press: ? - help, Shift-Dir - straight line, f - Natasha
Aim: Natasha (74% to hit)
The searing ray misses Natasha. (Press . to maintain the ray.)
The searing ray hits Natasha.
Natasha is moderately wounded.
The searing ray hits Natasha.
Natasha is severely wounded.
The white imp shouts!
Natasha claws you!
The white imp shouts, "Get thee gone, thou gorbellied tardy-gaited nert!"
The white imp gestures at you. The puff of frost hits you!
You feel a terrible chill!
* * * LOW HITPOINT WARNING * * *
Your corrosive artefact corrodes you!
The searing ray hits Natasha.
Natasha is almost dead.
* * * LOW HITPOINT WARNING * * *
You finish channelling your searing ray.
Natasha misses you.
Unknown command.
Casting: Searing Ray (safe; 2% risk of failure)
Confirm with . or Enter, or press ? or * to list all spells.
Aiming: Searing Ray (safe; 2% risk of failure)
Press: ? - help, Shift-Dir - straight line, f/p - Natasha
Aim: Natasha (almost dead, 74% to hit)
The searing ray misses Natasha. (Press . to maintain the ray.)
* * * LOW HITPOINT WARNING * * *
Natasha claws you.
You die...

.# #...# #...###...###. .# ##...#
#... #...# #. .#
....###...###...###. .####.##
................... .......+
#.......h.......... #####..#
#..........†....... #+
####.5###...###...###. #.##.#...#
#...# #...# #.
######.....#.@###...###...###.
..............h...............
########...#..................
##..#..................
############..#..###...###..(###.
...##....><......# #...# #...# #.
##...............###...###...###.
# #.######..#.................. #
#.# #.....................


You could see Natasha and a white imp (summoned).

Vanquished Creatures
  Natasha (D:2)
  A dart slug (D:1)
  6 bats
  4 endoplasms
  A giant cockroach (D:2)
  4 goblins
  2 hobgoblins (D:2)
  3 jackals (D:1)
  3 quokkas
  2 ball pythons (D:1)
  A frilled lizard (D:1)
  3 rats (D:1)
31 creatures vanquished.

Notes
Turn   | Place    | Note
-------+----------+-------------------------------------------
     0 | D:1      | MordorOrchid the Djinni Conjurer began the quest for the
                  | Orb.
     0 | D:1      | Reached XP level 1. HP: 15/15 MP: 0/0
   255 | D:1      | Reached XP level 2. HP: 19/21 MP: 0/0
   862 | D:1      | Reached XP level 3. HP: 24/26 MP: 0/0
   862 | D:1      | Learned a level 1 spell: Pain
  1541 | D:2      | Identified the +0 hat of Ignis's Esteem {*Corrode rElec
                  | Str+4 Int+2}
  1719 | D:2      | Noticed Natasha
  1723 | D:2      | Killed Natasha
  1724 | D:2      | Reached skill level 1 in Fighting
  1724 | D:2      | Reached skill level 4 in Spellcasting
  1724 | D:2      | Reached XP level 4. HP: 17/32 MP: 0/0
  1962 | D:2      | Noticed Natasha
  1972 | D:2      | Slain by Natasha

Illustrated notes

Levels and vault maps discovered:
D:1:      nzn_arrival_depleted_hourglass, layout_basic, minmay_quantized
D:2:      layout_loops_ring, minmay_liquid_box, kennysheep_boxes, uniq_natasha

Skill      XL: |  1  2  3 |
---------------+----------+-----
Fighting       | 1 |  1.1
Spellcasting   | 4 |  4.0
Dodging        | |  2.7
Stealth        | |  1.5

Action                   |  1- 3 |  4- 6 || total
-------------------------+-------+-------++-------
 Cast: Magic Dart        |    58 |     4 ||    62
       Searing Ray       |     1 |     2 ||     3
  Use: Scroll            |     3 |       ||     3
Armor: Robe              |     3 |     1 ||     4
Dodge: Dodged            |     4 |     3 ||     7

Table legend: (Time is in decaauts)
 A = Elapsed time spent in this place.
 B = Non-inter-level travel time spent in this place.
 C = Inter-level travel time spent in this place.
 D = Time resting spent in this place.
 E = Time spent auto-exploring this place.
 F = Levels seen in this place.
 G = Mean time per level.
                   A        B        C        D        E       F      G
               +--------+--------+--------+--------+--------+-----+--------+
         Total |   1978 |   1946 |     32 |     21 |   1746 |   2 |  989.0 |
       Dungeon |   1978 |   1946 |     32 |     21 |   1746 |   2 |  989.0 |
               +--------+--------+--------+--------+--------+-----+--------+

Top non-repeatable levels by time:
     D:1: 1388 daAuts
     D:2: 589 daAuts
